← All builds
Pond / Armada / Economy first / OBSERVED BUILD

Rattlesnake defence

Pond builds pop-up artillery (Gauntlet/Rattlesnake/Agitator) from around 6:17, receiving a light transport from an ally early, to reinforce the front's defensive line.

#defence #artillery · 22 distinct matches · 9 players · 3% of Armada Pond games · team won 36% of 22 · Recently observed

THE CATCH, AND WHAT COMES WITH IT
  • GauntletEarly defence from 6:17 · 2% of role by thenOnly 2% of Pond games have it by then; others who build it get it around 11:30
  • HerculesLight transport from an ally in 59%9% of all Pond games by then

Started with Gauntlet (45%), Rattlesnake (36%), Agitator (14%), Persecutor (5%).

Where those units first fight, in 22 games with kill data: in the middle 91%, on their own side 9%.

Those units destroy a typical 1,042 metal of enemy units by 15:00.

Then transitions into Rattlesnake (23% of army).

HOW TO PLAY IT

Key timing: Gauntlet by 6:17

  1. Open tidals and mex, then wind, skipping extra eco for boost duty.
  2. Drop a bot lab and start pumping units toward front.
  3. Place first Gauntlet to start the static plasma line.
  4. Layer Rattlesnake and Agitator behind Gauntlet to turtle middle.
  5. Add advanced mex and keep receiving light transport from air for support.

Phase by phase

TYPICAL OF ITS 22 GAMES · AGAINST STANDARD POND
  1. 1
  2. 2
  3. 3
PLAY THE OPENING

Follow the example game's first 7:18 step by step: what to build now, what comes next, and where it goes. At 1× it keeps pace with your own game.

  1. 1

    Up to the Early defence

    Economy
    • Metal Extractor4Mex
    • Wind Turbine8Wind−7 vs standard
    • Tidal Generator8Tidalfor allies
    • Tidal Generator1Tidal
    • Energy Storage1Energy storage
    Order
    1. GauntletEarly defence after 4 mex, 8 wind, 2 con turret
    Builders
    • Construction Turret2 Con turret +2 vs standard

    Some games also: converter (36%) · con bot (32%)

    The standard build makes here, this one skips: 2 converter

    By 6:00 in all: 4 mex · 8 wind (standard 15) · 1 tidal · 1 energy storage · 2 con turret (standard 0)

    The example game in this phase · 36 steps
    1. Tidal ×8for Suicide front
    2. Tidal
    3. Tidalfor Air
    4. Mex ×4
    5. Energy storage
    6. Wind ×7
    7. Converter ×3
    8. Construction BotCon bot ×4
    9. LazarusLazarus
    10. Con turret
    11. Wind ×4
    12. Advanced Metal ExtractorT2 mexdone 6:26 · typical 9:01
    13. Wind
    14. Con turret
    15. Wind
    16. Construction BotCon bot
    17. Wind ×2
    18. Advanced Metal ExtractorT2 mex
    19. Wind ×2
    20. Advanced Metal ExtractorT2 mex
    21. Wind
    22. Advanced Metal ExtractorT2 mex
    23. Wind ×2
    24. Solar
    25. Wind ×9
    26. Con turret
    27. Wind ×2
    28. Con turret ×2
    29. Wind ×4
    30. AnemoneAnemone
    31. Wind ×14
    32. Pit BullPit Bull
    33. Wind ×15
    34. Pit BullPit Bull
    35. Wind ×17
    36. RattlesnakeRattlesnakedone 10:58
  2. 2

    Early defence to Bot Lab

    Order
    1. Bot LabBot Lab after 4 mex, 8 wind, 1 tidaldone ~7:19, middle half 4:06–10:04

    Some games also: wind (41%) · con turret (36%)

    The standard build makes here, this one skips: 2 wind

    By 7:00 in all: 4 mex · 17 wind · 1 tidal · 1 energy storage · 2 con turret (standard 0)

    The example game in this phase · 1 step
    1. Bot LabBot Labdone 4:22 · typical 7:19
  3. 3

    Bot Lab to 10:00

    Economy
    • Wind Turbine1Wind−11 vs standard

    Some games also: con turret (41%) · Dragon's Teeth (32%)

    By 10:00 in all: 4 mex · 19 wind (standard 31) · 1 tidal · 2 converter (standard 4) · 1 energy storage · 3 con turret

    The example game in this phase · 105 steps
    1. Wind ×2
    2. Con turret
    3. Wind ×2
    4. Con turret
    5. Wind ×2
    6. Con turret
    7. Wind
    8. SentrySentry
    9. Wind ×2
    10. SentrySentry ×2
    11. Wind ×15
    12. Fortification WallFortification Wall
    13. Wind ×2
    14. Converter
    15. Fortification WallFortification Wall
    16. Wind
    17. Fortification WallFortification Wall
    18. Wind
    19. Converter
    20. Fortification WallFortification Wall
    21. Wind
    22. Converter
    23. Fortification WallFortification Wall
    24. Wind
    25. Con turret
    26. Advanced Metal ExtractorT2 mex
    27. Converter
    28. Wind ×3
    29. Converter
    30. SentrySentry
    31. Wind
    32. Converter
    33. SentrySentry
    34. Con turret
    35. Converter
    36. Dragon's TeethDragon's Teeth
    37. Wind
    38. Dragon's TeethDragon's Teeth
    39. Converter
    40. Dragon's TeethDragon's Teeth
    41. Con turret
    42. Dragon's TeethDragon's Teeth
    43. PulsarPulsardone 12:57
    44. Converter
    45. Energy storage ×2
    46. Converter ×2
    47. Energy storage
    48. Converter ×16
    49. Fortification WallFortification Wall ×2
    50. Converter ×2
    51. Fortification WallFortification Wall ×2
    52. Converter ×2
    53. Fortification WallFortification Wall
    54. Converter ×2
    55. Fortification WallFortification Wall
    56. Converter
    57. Fortification WallFortification Wall
    58. Advanced Bot LabAdvanced Bot Labdone 14:04
    59. Converter ×2
    60. Bot LabBot Labdone 13:44
    61. Converter ×3
    62. Fortification WallFortification Wall
    63. LazarusLazarus
    64. Converter ×2
    65. Con turret
    66. Converter
    67. LazarusLazarus
    68. Converter
    69. Con turret
    70. Fortification WallFortification Wall
    71. LazarusLazarus
    72. Converter
    73. Fortification WallFortification Wall
    74. Con turret
    75. LazarusLazarus
    76. Advanced Construction BotT2 con bot
    77. Converter
    78. Fortification WallFortification Wall
    79. LazarusLazarus
    80. Converter
    81. Con turret
    82. Converter
    83. Advanced Metal ExtractorT2 mex
    84. LazarusLazarus
    85. Con turret
    86. LazarusLazarus
    87. Converter
    88. Con turret
    89. ButlerButler
    90. LazarusLazarus
    91. Converter ×2
    92. LazarusLazarus
    93. Converter
    94. LazarusLazarus
    95. Fusion ReactorFusionnot finished by 15:00
    96. Converter ×3
    97. LazarusLazarus
    98. Converter ×2
    99. PulsarPulsar
    100. LazarusLazarus
    101. Fortification WallFortification Wall
    102. Converter
    103. LazarusLazarus
    104. Fortification WallFortification Wall
    105. Converter

Counts are medians over the build's games: half of them build more, half fewer. The example game is UsurpeR's (49 OS, 25/08/2026); pick another.

Team trades

IN AT LEAST 30% OF ITS GAMES

You hand over

  • Tidal Generator8 Tidal to Suicide front or Frontfirst at 0:10 · in 95% of games

You get

  • Construction Bot1 Con bot from Geo or Front or Suicide frontfirst at 2:20 · in 36% of games
  • Hercules1 Light transport from Airfirst at 2:52 · in 64% of games
  • Advanced Construction Bot1 T2 con bot from Techfirst at 6:43 · in 86% of games
  • Butler2 Butler from Techfirst at 9:29 · in 32% of games

How it plays out

Typical game of this build against the role’s standard build, running totals by minute

  • This build
  • Standard pond

Metal produced

010k20k
0:005:0010:0015:00

metal

Enemy metal destroyed

02k4k6k
0:005:0010:0015:00

metal

Own metal lost

02k4k6k
0:005:0010:0015:00

metal

22 games.

Show as table
ByMetal produced: This buildMetal produced: Standard pondEnemy metal destroyed: This buildEnemy metal destroyed: Standard pondOwn metal lost: This buildOwn metal lost: Standard pond
1:001151150000
2:002922730000
3:008708170000
4:00153115100000
5:00229622310000
6:003317298527000
7:004122384123648000
8:00530747423011276217148
9:00667756938382025217379
10:00877568729352865697720
11:001017983342065331723641188
12:0012243102902489368424201616
13:0013942125932624426229901966
14:0016092149143497478048022454
15:0019181174564307532448023030
WHAT THE NUMBERS SAY

Team won less than the standard build and this turtle destroyed far less enemy metal by 15:00 despite similar income.

  • + Metal production ahead of standard by 10:00 (8547 vs 6855).
  • + Gets Hercules transport support far earlier than role norm (57% by 2:50 vs 9%).
  • − Own metal lost by 15:00 is much higher than standard (4678 vs 3041).
  • − Enemy metal destroyed by 15:00 far below standard (4208 vs 5316).
THE EXAMPLE YOU ARE READING

UsurpeR

49.0 OS · 25/08/2026

Open source match ↗

6 received units · includes a constructor
2038 metal received · 82991 energy received

Allied construction assistance is unknown. Timings are observations, not a promise of solo reproducibility.

Typical milestones

Bot Lab7:19Middle 50%: 4:06–10:04 · n=15
Advanced Metal Extractor9:01Middle 50%: 7:48–10:25 · n=20

Played most by

UsurpeR10games of this build_X_3games of this buildDad_The_Speedrunner2games of this buildHandicapping_mySelf2games of this build[Cookie]Baby_Evis1game of this build